 Dungeon Crawl Stone Soup version 0.29-a0-350-g7790a0e70a (webtiles) character file.

Game seed: 2586002652041141165

2595 Edyrem the Destroyer (level 9, 51/51 HPs)
             Began as a Tengu Air Elementalist on Apr 22, 2022.
             Was a Follower of Vehumet.
             Quit the game on level 6 of the Dungeon on May 1, 2023.
             The game lasted 00:27:02 (6533 turns).

Edyrem the Destroyer (Tengu Air Elementalist)       Turns: 6533, Time: 00:27:03

Health: 51/51      AC:  8    Str: 10    XL:     9   Next: 59%
Magic:  21/21      EV: 14    Int: 25    God:    Vehumet [*.....]
Gold:   273        SH:  0    Dex: 14    Spells: 12/23 levels left

rFire   . . .      SeeInvis .   b - +4 quarterstaff (chaos)
rCold   . . .      Faith    .   (shield currently unavailable)
rNeg    . . .      Spirit   .   x - +2 robe of the Bard {rCorr}
rPois   .          Reflect  .   (helmet restricted)
rElec   .          Harm     .   z - +2 cloak
rCorr   +          Rampage  .   i - +0 pair of gloves
Will    .....                   (boots unavailable)
Stlth   ++........              n - amulet of magic regeneration
HPRegen 0.17/turn               v - +6 ring of intelligence
MPRegen 0.57/turn               (no ring)

@: flying quickly and evasively, quick
A: beak, talons 3, nimble flight
a: Renounce Religion


You were on level 6 of the Dungeon.
You worshipped Vehumet.
Vehumet was aware of your devotion.
You visited 2 branches of the dungeon, and saw 7 of its levels.

You collected 273 gold pieces.

Inventory:

Hand Weapons
 b - a +4 quarterstaff of chaos (weapon)
 j - a +2 vorpal war axe
 I - a +2 whip of electrocution
Missiles
 f - 207 stones
Armour
 i - a +0 pair of gloves (worn)
 x - the +2 robe of the Bard (worn) {rCorr}
   (You found it on level 3 of the Dungeon)

   rCorr:     It protects you from acid and corrosion.
 z - a +2 cloak (worn)
Magical Staves
 a - a staff of fire
Jewellery
 n - an amulet of magic regeneration (around neck)
 p - an amulet of the acrobat
 v - a +6 ring of intelligence (left hand)
 A - a ring of ice
 H - a +4 ring of protection
Wands
 m - a wand of flame (38)
 E - a wand of paralysis (5)
Scrolls
 e - 2 scrolls of amnesia {unknown}
 g - a scroll of vulnerability {unknown}
 k - 3 scrolls of noise {unknown}
 l - 2 scrolls of teleportation {unknown}
 o - 4 scrolls of identify {@r1}
 q - a scroll of enchant weapon {unknown}
 w - a scroll of immolation {unknown}
 y - a scroll of brand weapon {unknown}
 B - a scroll of fog {unknown}
 F - a scroll of blinking {unknown}
 G - a scroll of holy word {unknown}
Potions
 c - a potion of berserk rage {unknown}
 d - 5 potions of lignification
 h - 7 potions of curing {@q2}
 r - 2 potions of magic
 s - 2 potions of heal wounds {unknown}
 t - a potion of degeneration {unknown}
 u - 2 potions of might {unknown}
 C - a potion of attraction {unknown}
 D - a potion of ambrosia {unknown}


   Skills:
 + Level 3.3 Fighting
 - Level 2.1 Dodging
 - Level 2.0 Stealth
 + Level 7.5 Spellcasting
 - Level 9.2 Conjurations
 - Level 9.0 Air Magic


You had 12 spell levels left.
You knew the following spells:

 Your Spells              Type           Power      Damage    Failure   Level
a - Shock                 Conj/Air       100%       1d9       1%          1
b - Static Discharge      Conj/Air       53%        N/A       1%          2
c - Airstrike             Air            26%        N/A       1%          4
d - Swiftness             Air            53%        N/A       1%          3
e - Foxfire               Conj/Fire      100%       2x1d9     1%          1

Your spell library contained the following spells:

 Spells                   Type           Power      Damage    Failure   Level
 Poisonous Vapours        Pois/Air       62%        N/A       1%          2
 Dazzling Flash           Conj/Hex       64%        N/A       3%          3
 Stone Arrow              Conj/Erth      64%        3d11      3%          3
 Pain                     Necr           36%        1d5       6%          1
 Sandblast                Erth           18%        2d7       6%          1
 Sting                    Tmut/Pois      36%        1d4       6%          1
 Passwall                 Tmut/Erth      7%         N/A       10%         2
 Iskenderun's Mystic Bla  Conj/Tloc      32%        2d8       10%         4
 Sticky Flame             Conj/Fire      32%        2d5       10%         4
 Olgreb's Toxic Radiance  Pois           9%         N/A       54%         4
 Iron Shot                Conj/Erth      16%        9d4       83%         6
 Starburst                Conj/Fire      16%        6d6       83%         6
 Agony                    Necr           9%         N/A       87%         5
 Excruciating Wounds      Necr           4%         N/A       87%         5
 Ignition                 Fire           4%         3d4       100%        8


Dungeon Overview and Level Annotations

Branches:
Dungeon (6/15)             Temple (1/1) D:5

Altars:
Ashenzari
Cheibriados
Dithmenos
Elyvilon
Fedhas
Gozag
Hepliaklqana
Kikubaaqudgha
Makhleb
Nemelex Xobeh
Okawaru
Qazlal
Sif Muna
Trog
Uskayaw
Vehumet
Xom
Yredelemnul
Zin
The Shining One

Shops:
D:3 =


Innate Abilities, Weirdness & Mutations

You have a beak for a mouth.
You have claws for feet.
Your magical nature lets you fly swiftly and evasively.


Message History

Things that are here:
a +0 dagger; a +0 robe; an orc skeleton
Items here: ))) [ รท.
You pick up a book of Geomancy and begin reading...
You add the spells Sandblast, Passwall and Stone Arrow to your library.
Could not explore, unopened door.
You reach down and open the door.
Found a stone staircase leading up.
Found a stone staircase leading down.
You reach down and open the door.
There is an open door here.
An ice beast comes into view.
Casting: Foxfire (safe; 1% risk of failure)
Confirm with . or Enter, or press ? or * to list all spells.
You conjure some foxfire!
Okay, then.
The foxfire hits the ice beast!
The ice beast melts!
The ice beast is moderately wounded.
The foxfire hits the ice beast but does no damage.
The ice beast is moderately wounded.
Casting: Foxfire (safe; 1% risk of failure)
Confirm with . or Enter, or press ? or * to list all spells.
You conjure some foxfire!
The foxfire hits the ice beast.
The ice beast melts!
The ice beast is heavily wounded.
The foxfire hits the ice beast.
The ice beast melts!
The ice beast is severely wounded.
Casting: Foxfire (safe; 1% risk of failure)
Confirm with . or Enter, or press ? or * to list all spells.
You conjure some foxfire!
The foxfire hits the ice beast.
The ice beast is severely wounded.
The foxfire hits the ice beast.
The ice beast melts!
You kill the ice beast!
Vehumet accepts your kill.
Found an escape hatch in the floor.
Welcome back, Edyrem the Tengu Air Elementalist.
Vehumet says: Let it end in hellfire!
Press ? for a list of commands and other information.
Are you sure you want to abandon this character and quit the game? (Confirm with "yes".)

# ###.###..##.# ##
#. .. #..##.# #.
#.####### #..##.#
#. #.......#
#..##.# #.
#.......# #..##.#
#. ##.......#
#..##.# ##
.........###...#.#
.######.......#.#.#
.......@......#.#.#
###
......#.......#.#.#
#.. .....
+.......+...# #..
.... #.......#...#
#.. >..
#.......#...# #..
.. #.......#.#>#
#.. . #.......#.###
#.. #.......#.# ###
#.#


There were no monsters in sight!

Vanquished Creatures
  Sigmund (D:2)
  5 yaks (D:5)
  A water moccasin (D:5)
  A sky beast (D:6)
  An ice beast (D:6)
  4 ogres
  A phantom (D:5)
  A necrophage (D:4)
  2 scorpions
  7 hounds
  Crazy Yiuf (D:2)
  A gnoll shaman (D:6)
  An iguana (D:4)
  Ijyb (D:3)
  9 orc wizards
  Natasha (twice) (D:3)
  Robin (D:2)
  5 gnolls
  3 adders
  A shadow imp (D:5)
  An ufetubus (D:4)
  2 worms
  6 dart slugs
  23 orcs
  10 ball pythons
  4 endoplasms
  5 giant cockroaches
  24 goblins
  10 hobgoblins
  6 jackals
  4 quokkas
  2 bats
  10 kobolds
  10 rats
166 creatures vanquished.

Vanquished Creatures (others)
  14 foxfires (D:6)
  18 plants (D:5)
32 creatures vanquished.

Grand Total: 198 creatures vanquished

Notes
Turn   | Place    | Note
-------+----------+-------------------------------------------
     0 | D:1      | Edyrem the Tengu Air Elementalist began the quest for the
                  | Orb.
     0 | D:1      | Reached XP level 1. HP: 10/10 MP: 4/4
   246 | D:1      | Reached XP level 2. HP: 15/15 MP: 4/6
   666 | D:1      | Learned a level 2 spell: Static Discharge
   739 | D:1      | Reached XP level 3. HP: 19/19 MP: 5/7
   843 | D:1      | Noticed an eye of devastation
   865 | D:1      | Found a faded altar of an unknown god.
   867 | D:1      | Noticed an eye of devastation
   867 | D:1      | Noticed a shining eye
   867 | D:1      | Noticed a shining eye
  1170 | D:2      | Noticed Sigmund
  1190 | D:2      | Killed Sigmund
  1191 | D:2      | Reached skill level 5 in Air Magic
  1191 | D:2      | Reached XP level 4. HP: 5/24 MP: 0/10
  1191 | D:2      | Gained mutation: Your magical nature lets you fly swiftly
                  | and evasively. [Tengu growth]
  1191 | D:2      | Reached XP level 5. HP: 6/28 MP: 0/11
  1623 | D:2      | Noticed Robin
  1628 | D:2      | Killed Robin
  2000 | D:2      | Found a runed translucent door.
  2001 | D:2      | Noticed Crazy Yiuf
  2049 | D:2      | Reached XP level 6. HP: 32/32 MP: 9/12
  2059 | D:2      | Learned a level 4 spell: Airstrike
  2063 | D:2      | Learned a level 3 spell: Swiftness
  2374 | D:2      | Killed Crazy Yiuf
  2455 | D:3      | Found Idoephei's Jewellery Shop.
  2714 | D:3      | Noticed Natasha
  2718 | D:3      | Killed Natasha
  3188 | D:3      | Reached skill level 5 in Conjurations
  3304 | D:3      | Noticed Ijyb
  3318 | D:3      | Killed Ijyb
  3640 | D:3      | Noticed Natasha
  3643 | D:3      | Killed Natasha
  3675 | D:3      | Identified the +2 robe of the Bard {rCorr}
  4039 | D:4      | Reached XP level 7. HP: 36/36 MP: 6/14
  4168 | D:4      | Got the Papyrus of the Torrid Mountains
  4753 | D:5      | Entered Level 5 of the Dungeon
  4763 | D:5      | Reached skill level 5 in Spellcasting
  4763 | D:5      | Reached XP level 8. HP: 41/41 MP: 1/16
  4844 | D:5      | Found a staircase to the Ecumenical Temple.
  4853 | Temple   | Entered the Ecumenical Temple
  4875 | Temple   | Became a worshipper of Vehumet
  5121 | D:5      | Noticed a yak
  5128 | D:5      | Noticed a yak
  5131 | D:5      | Noticed a yak
  5174 | D:5      | Noticed a yak
  5176 | D:5      | Noticed a yak
  5225 | D:5      | Killed a yak
  5227 | D:5      | Killed a yak
  5293 | D:5      | Killed a yak
  5318 | D:5      | Killed a yak
  5319 | D:5      | Reached XP level 9. HP: 45/45 MP: 16/19
  5509 | D:5      | Reached skill level 1 in Fighting
  5791 | D:5      | Found an ancient bone altar of Kikubaaqudgha.
  5938 | D:6      | Found a bloodstained altar of Trog.
  6058 | D:6      | Reached * piety under Vehumet
  6058 | D:6      | Offered knowledge of Foxfire by Vehumet.
  6061 | D:6      | Learned a level 1 spell: Foxfire
  6533 | D:6      | Quit the game

Illustrated notes

Levels and vault maps discovered:
D:1:      lordsloth_arrival_two_stooges, layout_basic,
          hellmonk_ecumenical_altar_watching_god, minmay_shallow_snake_nest
D:2:      wander_river, layout_loops_ring, kennysheep_decorative_pillar,
          minmay_tall_x, uniq_robin, uniq_crazy_yiuf_cottage, uniq_sigmund
D:3:      kennysheep_goblin_castle, layout_loops_ring, serial_shops, shop,
          uniq_natasha
D:4:      layout_cave_pools, dk_vineyard_2, minmay_a_box_with_orc_wizards_in_it
D:5:      layout_basic, marbit_many_paths, temple_pool_b, chequers_big_river
D:6:      layout_basic, lemuel_doored_altar, uniq_duvessa, uniq_maggie
Temple:   regret_index_temple_mists

Skill      XL: |  1  2  3  4  5  6  7  8  9 |
---------------+----------------------------+-----
Conjurations   | 2 4 5 6 8 9 |  9.2
Spellcasting   | 3 4 5 6 7 |  7.5
Air Magic      | 5 6 7 9 |  9.0
Fighting       | 3 |  3.3
Dodging        | |  2.1
Stealth        | |  2.0

Action                   |  1- 3 |  4- 6 |  7- 9 || total
-------------------------+-------+-------+-------++-------
Melee: Short sword       |     4 |       |       ||     4
       Kick              |     1 |     1 |     6 ||     8
       Staff             |     1 |       |       ||     1
       Quarterstaff      |       |     8 |    24 ||    32
       Peck              |       |     1 |     3 ||     4
 Cast: Shock             |    56 |   120 |    83 ||   259
       Airstrike         |       |     4 |    60 ||    64
       Swiftness         |       |     2 |     1 ||     3
       Static Discharge  |       |       |     2 ||     2
       Foxfire           |       |       |     7 ||     7
  Use: Scroll            |       |       |     1 ||     1
 Stab: Sleeping          |       |     1 |       ||     1
Armor: Robe              |     2 |     7 |    15 ||    24
Dodge: Dodged            |    16 |    41 |    43 ||   100

Table legend: (Time is in decaauts)
 A = Elapsed time spent in this place.
 B = Non-inter-level travel time spent in this place.
 C = Inter-level travel time spent in this place.
 D = Time resting spent in this place.
 E = Time spent auto-exploring this place.
 F = Levels seen in this place.
 G = Mean time per level.
                   A        B        C        D        E       F      G
               +--------+--------+--------+--------+--------+-----+--------+
         Total |   6250 |   6000 |    250 |   1364 |   3325 |   7 |  892.9 |
       Dungeon |   6113 |   5875 |    238 |   1364 |   3233 |   6 | 1018.8 |
        Temple |    136 |    125 |     11 |      0 |     91 |   1 |  136.0 |
               +--------+--------+--------+--------+--------+-----+--------+

Top non-repeatable levels by time:
     D:3: 1513 daAuts
     D:2: 1380 daAuts
     D:1: 994 daAuts
     D:5: 941 daAuts
     D:4: 709 daAuts
     D:6: 573 daAuts
  Temple: 136 daAuts
